 Dungeon Crawl Stone Soup version 0.17-a0-1648-g0a089d4 (webtiles) character file.

991 Gorice the Geomancer (level 7, -2/55 HPs)
             Began as a Deep Dwarf Earth Elementalist on Aug 12, 2015.
             Was a Follower of Makhleb.
             Slain by an ice beast (10 damage)
             ... on level 5 of the Dungeon.
             The game lasted 00:27:59 (4181 turns).

Gorice the Geomancer (DDEE)                         Turns: 4181, Time: 00:28:00

Health: -2/55      AC:  8    Str: 11    XL:     7   Next: 98%
Magic:  2/13       EV: 11    Int: 18    God:    Makhleb [*.....]
Gold:   158        SH:  3    Dex: 13    Spells: 3 memorised, 8 levels left

rFire  . . .     SeeInvis .     Z - 38 stones
rCold  . . .     Clarity  .     j - +0 leather armour (curse)
rNeg   . . .     SustAt   .     E - +0 buckler
rPois  .         Gourm    +     t - +1 hat
rElec  .         Spirit   .     w - +0 cloak
rCorr  .         Warding  .     (no gloves)
rMut   .         Stasis   .     (no boots)
MR     +....                    v - amulet of the gourmand
Stlth  ++........               (no ring)
                                (no ring)

@: stone skin, non-regenerating, somewhat resistant to hostile enchantments,
unstealthy
A: damage resistance, recharge devices, sense surroundings 1, slow healing 3
a: Device Recharging, Renounce Religion


You were on level 5 of the Dungeon.
You worshipped Makhleb.
Makhleb was aware of your devotion.
You were very full.

You visited 1 branch of the dungeon, and saw 5 of its levels.

You collected 158 gold pieces.

Inventory:

Hand weapons
 f - a +0 dagger
 k - a +0 short sword
 l - a +0 hunting sling
 n - a cursed -3 whip
 q - a +0 spear
 s - a +0 antimagic hand axe
   (You found it on level 2 of the Dungeon)
 z - a +0 flail
 B - a +0 halberd
 F - a +0 dagger of electrocution
   (You found it on level 4 of the Dungeon)
Missiles
 m - 21 poisoned needles
 p - 8 tomahawks (quivered)
 Z - 38 stones (in hand)
Armour
 b - a +0 robe
 h - a +0 scale mail
 j - a cursed +0 leather armour (worn)
 t - a +1 hat (worn)
 w - a +0 cloak (worn)
 E - a +0 buckler (worn)
Jewellery
 v - an amulet of the gourmand (around neck)
Magical devices
 d - a wand of heal wounds (4) {!d}
 D - a wand of lightning (5)
Scrolls
 y - 2 scrolls of fear {!r}
 C - a scroll of magic mapping {!r}
Potions
 g - a potion of lignification {!q}
 i - a potion of heal wounds {!q}
 r - a potion of invisibility {unknown}
 H - a potion of ambrosia {unknown}
 I - a potion of curing {unknown}
 J - a potion of might {unknown}
Books
 c - a book of Geomancy
Comestibles
 a - 11 fruits
 e - 3 bread rations {!e}
 o - 3 meat rations {!e}
 u - 2 slices of pizza
 x - a beef jerky
 A - a royal jelly
 G - 6 chunks of flesh


   Skills:
 - Level 2.1 Dodging
 - Level 2.4 Stealth
 + Level 4.1 Spellcasting
 + Level 3.6 Transmutations
 * Level 9.8 Earth Magic


You had 8 spell levels left.
You knew the following spells:

 Your Spells              Type           Power        Failure   Level  Hunger
a - Sandblast             Erth           #####.       1%          1    None
b - Stoneskin             Trmt/Erth      ####....     3%          2    ##.....
c - Passwall              Trmt/Erth      ####......   8%          3    ###....


Dungeon Overview and Level Annotations

Branches:
Dungeon (5/15)
 Temple: D:4-7

Altars:
Fedhas
Gozag
Makhleb
Xom
Zin
The Shining One

Annotations:
D:1 pUX: loot in glass vault
D:3 vpUX: Zin altar gold behing grate


Innate Abilities, Weirdness & Mutations

You are resistant to damage.
You can recharge devices by infusing magical energy.
You passively map a small area around you.
You do not heal naturally.


Message History

Aiming: Sandblast
Press: ? - help, Shift-Dir - straight line, f/p - centaur
Aim: a centaur, wielding a shortbow (severely wounded)
The rocky blast hits the centaur.
You kill the centaur!
Makhleb accepts your kill.
Casting: Sandblast
Confirm with . or Enter, or press ? or * to list all spells.
Aiming: Sandblast
Press: ? - help, Shift-Dir - straight line, f - jelly
Aim: a jelly The rocky blast hits the jelly.
You kill the jelly!
Makhleb accepts your kill.
Casting: Sandblast
Confirm with . or Enter, or press ? or * to list all spells.
Aiming: Sandblast
Press: ? - help, Shift-Dir - straight line, f - ice beast
Aim: an ice beast The rocky blast hits the ice beast.
The ice beast is lightly wounded.
Casting: Sandblast
Confirm with . or Enter, or press ? or * to list all spells.
Aiming: Sandblast
Press: ? - help, Shift-Dir - straight line, f/p - ice beast
Aim: an ice beast (lightly wounded)
The rocky blast hits the ice beast.
The ice beast is severely wounded.
The ice beast hits you but does no damage.
Casting: Sandblast
Confirm with . or Enter, or press ? or * to list all spells.
Aiming: Sandblast
Press: ? - help, Shift-Dir - straight line, f - orc priest, p - ice beast
Aim: an orc priest, wielding a dagger and wearing a scale mail The rocky blast hits the ice beast.
The ice beast is almost dead.
The ice beast hits you.
* * * LOW HITPOINT WARNING * * *
The ice beast freezes you!
* * * LOW HITPOINT WARNING * * *
Damage: 9 (max 9)
Casting: Sandblast
Confirm with . or Enter, or press ? or * to list all spells.
Aiming: Sandblast
Press: ? - help, Shift-Dir - straight line, f/p - orc priest
Aim: an orc priest, wielding a dagger and wearing a scale mail The rocky blast hits the ice beast.
The ice beast is almost dead.
The ice beast hits you. The ice beast freezes you!
You die...

### ### #####.###.#
###########...#.#...# ######
#.oY@....(.. ...#.#.# §§...#
#.#########.###.#.#.# §§§...# #.#
#.......#.# .§§§..# #.#
#####.###.#
.§§§§.#######.#########.###...#.#
.§§§..oJ......................#.#
§.§§..Y######.#########.#######.#
§..Y...# #.# #.............#
#......# #.# #.#.#....######


You could see an ice beast and an orc priest.

Vanquished Creatures
  Menkaure (D:4)
  An ice beast (D:5)
  2 ogres
  A centaur (D:5)
  A scorpion (D:4)
  2 centaur zombies (D:5)
  A giant frog zombie (D:5)
  An orc priest (D:5)
  A centaur skeleton (D:5)
  A jelly (D:5)
  A giant frog skeleton (D:5)
  An orc wizard (D:3)
  2 worker ants
  An iguana (D:4)
  A worker ant zombie (D:5)
  4 gnolls (D:4)
  3 adders
  An ooze (D:1)
  2 adder zombies (D:5)
  An adder skeleton (D:4)
  2 worms (D:4)
  2 giant geckos
  11 orcs
  9 bats
  7 giant cockroaches
  8 hobgoblins
  A quokka (D:2)
  A ball python (D:2)
  A giant gecko skeleton (D:5)
  3 giant newts
  9 goblins
  2 jackal skeletons
  10 kobolds
  7 rats
102 creatures vanquished.

Notes
Turn   | Place    | Note
--------------------------------------------------------------
     0 | D:1      | Gorice the Deep Dwarf Earth Elementalist began the quest for the Orb.
     0 | D:1      | Reached XP level 1. HP: 15/15 MP: 3/3
   276 | D:1      | Reached XP level 2. HP: 14/22 MP: 0/4
   391 | D:1      | Reached skill level 2 in Spellcasting
   687 | D:1      | Reached skill level 5 in Earth Magic
   943 | D:1      | Reached XP level 3. HP: 15/28 MP: 3/6
  1214 | D:1      | Learned a level 2 spell: Stoneskin
  1290 | D:2      | Found an opulent altar of Gozag.
  1544 | D:2      | Found a shimmering altar of Xom.
  1608 | D:2      | Reached skill level 1 in Transmutations
  1894 | D:3      | Reached XP level 4. HP: 19/36 MP: 5/7
  2061 | D:3      | Reached skill level 6 in Earth Magic
  2570 | D:3      | Found a glowing silver altar of Zin.
  2626 | D:4      | Noticed an ogre
  2632 | D:4      | Learned a level 3 spell: Passwall
  2696 | D:4      | Noticed Menkaure
  2708 | D:4      | Killed Menkaure
  2708 | D:4      | Reached skill level 2 in Transmutations
  2708 | D:4      | Reached skill level 7 in Earth Magic
  2708 | D:4      | Reached XP level 5. HP: 12/42 MP: 2/9
  2789 | D:4      | Found a burning altar of Makhleb.
  2908 | D:4      | Became a worshipper of Makhleb the Destroyer
  2985 | D:4      | Found a glowing golden altar of the Shining One.
  3135 | D:4      | Reached skill level 3 in Spellcasting
  3135 | D:4      | Reached XP level 6. HP: 32/49 MP: 8/10
  3326 | D:4      | Found a blossoming altar of Fedhas.
  3707 | D:4      | Killed an ogre
  3707 | D:4      | Reached skill level 8 in Earth Magic
  3774 | D:5      | Entered Level 5 of the Dungeon
  3848 | D:5      | Reached XP level 7. HP: 35/55 MP: 3/12
  3868 | D:5      | Reached skill level 3 in Transmutations
  4053 | D:5      | Acquired Makhleb's first power
  4053 | D:5      | Reached skill level 9 in Earth Magic
  4138 | D:5      | Reached skill level 4 in Spellcasting
  4180 | D:5      | HP: 16/55 [ice beast (1)]
  4181 | D:5      | Slain by an ice beast

Vault maps used:
D:1:      mrwooster_arrival_statue_3, due_unseen_surprise
D:2:      xom_teletrap_fun, nicolae_gozag_cash_rules_everything_around_me
D:3:      zin_treasury, first_bread
D:4:      kennysheep_mini, fedhas_altar_fruit_tree,
          nicolae_overflow_hidden_temple, st_stairs_9, minmay_stone_trees_large,
          uniq_menkaure
D:5:      serial_undead, serial_undead_a, serial_undead_a, serial_undead_a,
          serial_undead_f

Action                   |  1- 3 |  4- 6 |  7- 9 || total
-------------------------+-------+-------+-------++-------
Throw: Tomahawk          |     4 |    17 |     1 ||    22
 Cast: Sandblast         |    70 |    80 |    39 ||   189
       Stoneskin         |       |    12 |     1 ||    13
       Passwall          |       |     2 |       ||     2
Evoke: Wand              |       |     2 |       ||     2
  Use: Scroll            |     2 |     4 |       ||     6
  Eat: Chunk             |     4 |    16 |     1 ||    21

Table legend:
 A = Turns spent in this place as a percentage of turns spent in the entire game.
 B = Non-inter-level travel turns spent in this place as a percentage of non-inter-level travel turns spent in the entire game.
 C = Inter-level travel turns spent in this place as a percentage of turns spent in this place.
 D = Turns resting spent in this place as a percentage of non-inter-level travel turns spent in this place.
 E = Turns spent auto-exploring this place as a percentage of non-inter-level travel turns spent in this place.
 F = Non-inter-level travel turns spent in this place divided by the number of levels of this place that you've seen.
                   A       B       C       D       E      F
               +-------+-------+-------+-------+-------+----------------------
         Total | 100.0 | 100.0 |   0.2 |   1.1 |   4.6 | 370.0
       Dungeon | 100.0 | 100.0 |   0.2 |   1.1 |   4.6 | 370.0
               +-------+-------+-------+-------+-------+----------------------

Vault maps used:
D:1:      mrwooster_arrival_statue_3, due_unseen_surprise
D:2:      xom_teletrap_fun, nicolae_gozag_cash_rules_everything_around_me
D:3:      zin_treasury, first_bread
D:4:      kennysheep_mini, fedhas_altar_fruit_tree,
          nicolae_overflow_hidden_temple, st_stairs_9, minmay_stone_trees_large,
          uniq_menkaure
D:5:      serial_undead, serial_undead_a, serial_undead_a, serial_undead_a,
          serial_undead_f
